 Dungeon Crawl Stone Soup version 0.27-a0-1217-g8a41f320e8 (webtiles) character file.

Game seed: 748594361263403579

203 Bnni the Poker (level 5, -14/41 HPs)
             Began as a Demonspawn Gladiator on June 6, 2021.
             Killed by an exploding gnoll (33 damage)
             ... ignited by their inner flame
             ... on level 3 of the Dungeon.
             The game lasted 00:18:36 (3427 turns).

Bnni the Poker (Demonspawn Gladiator)               Turns: 3427, Time: 00:18:36

Health: -14/41     AC: 12    Str: 14 (15) XL:     5   Next: 51%
Magic:  5/5        EV: 11    Int: 12      God:
Gold:   175        SH:  0    Dex: 14      Spells: 4/4 levels left

rFire    . . .     SeeInvis .   a - +0 trident
rCold    . . .     Faith    .   (no shield)
rNeg     . . .     Spirit   .   e - +0 ring mail
rPois    .         Reflect  .   c - +0 helmet
rElec    .         Harm     .   (no cloak)
rCorr    .         Rampage  .   (no gloves)
Will     .....     Clarity  +   (no boots)
Stlth    +.........             (no amulet)
HPRegen  0.13/turn              g - +4 ring of protection
MPRegen  0.09/turn              (no ring)

@: brilliant, very slightly contaminated, invisible
A: slimy green scales 1, demonic guardian 1, clarity, clever 1, deterioration 1
a: no special abilities


You were on level 3 of the Dungeon.
You visited 1 branch of the dungeon, and saw 3 of its levels.

You collected 175 gold pieces.

Inventory:

Hand Weapons
 a - a +0 trident (weapon)
Missiles
 d - 4 throwing nets (quivered)
Armour
 b - a +0 leather armour
 c - a +0 helmet (worn)
 e - a +0 ring mail (worn)
Jewellery
 g - a +4 ring of protection (left hand)
Scrolls
 f - a scroll of immolation
 h - a scroll of identify
 p - a scroll of silence
Potions
 i - a potion of curing
 m - a potion of invisibility
 n - 2 potions of heal wounds {unknown}


   Skills:
 + Level 3.6 Fighting
 * Level 4.9 Polearms
 - Level 1.7 Throwing
 - Level 2.6 Dodging


You had 4 spell levels left.
You didn't know any spells.
Your spell library was empty.

Dungeon Overview and Level Annotations

Branches:
Dungeon (3/15)

Altars:
Dithmenos

Shops:
D:2 [

Annotations:
D:3 1 transporter, Ancestrald's ghost, weakling DrAr


Innate Abilities, Weirdness & Mutations

You are partially covered in slimy green scales. (AC +2)
A weak demonic guardian rushes to your aid.
You possess an exceptional clarity of mind.
Your mind is acute. (Int +2)
Your body sometimes deteriorates upon taking damage.


Message History

It is a scroll of identify.
p - a scroll of silence The gnoll shouts!
The gnoll barely misses you.
The gnoll struggles against the net.
Unknown command.
As you read the scroll labelled EGYZAA REOSIE, it crumbles to dust.
It is a scroll of amnesia.
You feel forgetful for a moment. The gnoll closely misses you.
The gnoll struggles against the net.
Blink to where?
Press: ? - help, Dir - move target, p - gnoll
As you read the scroll labelled WIEQUKHO KISMIGH, it crumbles to dust.
It was a scroll of blinking.
The gnoll struggles against the net.
Reach: a) +0 trident
Press: ? - help, Dir - move target, f - you
Okay, then.
Okay, then.
Unknown command.
The gnoll struggles against the net.
The net rips apart, and the gnoll comes free!
You start resting.
A gnoll is nearby!
You are too injured to fight recklessly!
You are too injured to fight recklessly!
You are too injured to fight recklessly!
Reach: a) +0 trident
Press: ? - help, Dir - move target, f - gnoll
Aim: a gnoll, wielding a +0 flail (moderately wounded, inner flame, about 36% to evade your +0 trident)
You reach to attack!
You hit the gnoll but do no damage.
The gnoll is moderately wounded.
Reach: a) +0 trident
Press: ? - help, Dir - move target, f/p - gnoll
Aim: a gnoll, wielding a +0 flail (moderately wounded, inner flame, about 36% to evade your +0 trident)
You hit the gnoll.
Flame seeps out of the gnoll.
The gnoll is almost dead.
The gnoll is engulfed in blazing flames.
The gnoll explodes!
The fiery explosion engulfs the gnoll!!
The fiery explosion engulfs you!!
Ouch! That really hurt!
You die...

##. .. ..........###≈≈...# #.# 8#
# ##'######.#8.≈≈.#.######.# ##.#
#8..#.⌠.#.##.≈≈.#.#....... #.gW.
#⌠g.....'..#.≈≈.#.#.#####. ##.#$g
#8gg#.⌠.#.##.≈≈.#.#.# #.
8#.######g######.#8.≈≈.#.#.# #.
##.............)§###≈≈.#.#.# #<
...###.#####.###○..#≈≈.#.#.# #†
...#.###.©.###.#@§.#≈≈.#.#.# #.
####...........#####≈≈.#.#.# #.
≈≈≈≈≈≈≈≈...≈≈≈≈≈≈≈≈≈≈≈.#.#.######
≈≈≈≈≈≈≈≈...≈≈≈≈≈≈≈≈≈≈≈.#.#.......
.......................#.########
########.#.############..# #
...........# #.#########
########.### ##.###...... #.#
#####...##.####.


There were no monsters in sight!

Vanquished Creatures
  Natasha (thrice) (D:2)
  2 adders (D:2)
  5 gnolls
  4 dart slugs
  4 endoplasms
  A giant cockroach (D:2)
  2 goblins (D:1)
  6 hobgoblins
  7 jackals
  2 quokkas (D:1)
  7 ball pythons
  8 bats
  3 frilled lizards
  6 kobolds
  3 rats
63 creatures vanquished.

Vanquished Creatures (collateral kills)
  2 gnolls
2 creatures vanquished.

Vanquished Creatures (others)
  6 plants (D:3)
6 creatures vanquished.

Grand Total: 71 creatures vanquished

Notes
Turn   | Place    | Note
-------+----------+-------------------------------------------
     0 | D:1      | Bnni the Demonspawn Gladiator began the quest for the Orb.
     0 | D:1      | Reached XP level 1. HP: 16/16 MP: 1/1
   305 | D:1      | Reached skill level 3 in Polearms
   308 | D:1      | Gained mutation: A weak demonic guardian rushes to your
                  | aid. [demonic ancestry]
   308 | D:1      | Reached XP level 2. HP: 21/22 MP: 2/2
  1290 | D:2      | Gained mutation: You are partially covered in slimy green
                  | scales. (AC +2) [demonic ancestry]
  1290 | D:2      | Reached XP level 3. HP: 28/28 MP: 3/3
  1724 | D:2      | Reached skill level 4 in Polearms
  1724 | D:2      | Reached XP level 4. HP: 30/34 MP: 4/4
  2007 | D:2      | Found Legixkoq's Antique Armour Emporium.
  2010 | D:2      | Noticed Natasha
  2014 | D:2      | Killed Natasha
  2317 | D:2      | Noticed Natasha
  2326 | D:2      | Killed Natasha
  2327 | D:2      | Reached XP level 5. HP: 33/41 MP: 5/5
  2359 | D:2      | Noticed Natasha
  2369 | D:2      | Killed Natasha
  3288 | D:3      | Found a shadowy altar of Dithmenos.
  3332 | D:3      | Found a transporter.
  3361 | D:3      | Noticed Ancestrald's ghost (weakling DrAr)
  3391 | D:3      | Found a transporter.
  3402 | D:3      | Gained mutation: Your mind is acute. (Int +2) [potion of
                  | mutation]
  3402 | D:3      | Gained mutation: You possess an exceptional clarity of
                  | mind. [potion of mutation]
  3402 | D:3      | Gained mutation: Your body sometimes deteriorates upon
                  | taking damage. [potion of mutation]
  3427 | D:3      | Killed by an exploding gnoll... ignited by their inner
                  | flame

Illustrated notes

Levels and vault maps discovered:
D:1:      mrwooster_arrival_statue_3, layout_loops_corners, serial_forest,
          infiniplex_forest_lined_2, infiniplex_forest_corner_1,
          infiniplex_forest_lined_ring, infiniplex_forest_side_room,
          infiniplex_forest_end_2, infiniplex_forest_clump_large,
          chequers_serial_rivers_micro_e, minmay_tiny_reverse_x
D:2:      minmay_evil_eye, layout_basic, serial_shops, shop, uniq_natasha
D:3:      layout_loops_ring, nicolae_overflow_hidden_temple,
          gammafunk_ghost_gnarly_gnolls, minivault_5

Skill      XL: |  1  2  3  4 |
---------------+-------------+-----
Polearms       | 3 4 |  4.9
Fighting       | 3 |  3.6
Throwing       | |  1.7
Dodging        | |  2.6

Action                   |  1- 3 |  4- 6 || total
-------------------------+-------+-------++-------
Melee: Trident           |    90 |   151 ||   241
  Use: Potion            |       |     5 ||     5
       Scroll            |       |     4 ||     4
 Stab: Invisible         |       |     1 ||     1
Armor: Leather armour    |    12 |       ||    12
       Ring mail         |    16 |    79 ||    95
Dodge: Dodged            |    47 |    95 ||   142

Table legend: (Time is in decaauts)
 A = Elapsed time spent in this place.
 B = Non-inter-level travel time spent in this place.
 C = Inter-level travel time spent in this place.
 D = Time resting spent in this place.
 E = Time spent auto-exploring this place.
 F = Levels seen in this place.
 G = Mean time per level.
                   A        B        C        D        E       F      G
               +--------+--------+--------+--------+--------+-----+--------+
         Total |   3459 |   3420 |     39 |    397 |   2551 |   3 | 1153.0 |
       Dungeon |   3459 |   3420 |     39 |    397 |   2551 |   3 | 1153.0 |
               +--------+--------+--------+--------+--------+-----+--------+

Top non-repeatable levels by time:
     D:1: 1703 daAuts
     D:2: 1145 daAuts
     D:3: 610 daAuts
